 Dungeon Crawl Stone Soup version 0.23.0-3-gf3c87f2df8 (webtiles) character file.

Game seed: 12927247136970748212

14429 Chiseanne the Destroyer (level 11, -7/78 HPs)
             Began as a Demonspawn Wizard on Feb 21, 2019.
             Was a High Priest of Vehumet.
             Hit by a large rock thrown by a cyclops (34 damage)
             ... on level 12 of the Dungeon.
             The game lasted 00:56:20 (17191 turns).

Chiseanne the Destroyer (Demonspawn Wizard)        Turns: 17191, Time: 00:56:20

Health: -7/78      AC: 12    Str:  7    XL:     11   Next: 88%
Magic:  0/26       EV: 14    Int: 24    God:    Vehumet [*****.]
Gold:   904        SH:  0    Dex: 11    Spells: 9/33 levels left

rFire    . . .     SeeInvis .   a - +5 whip (venom)
rCold    . . .     Gourm    .   (no shield)
rNeg     . . .     Faith    .   j - +0 robe
rPois    .         Spirit   +   h - +1 helmet
rElec    +         Reflect  .   S - +2 cloak
rCorr    .         Harm     .   f - +0 pair of gloves
MR       +....                  (no boots)
Stlth    ++........             (no amulet)
HPRegen  0.23/turn              E - ring of protection from magic
MPRegen  0.20/turn              O - ring of flight

@: no status effects
A: talons 2, thin metallic scales 3, magic shield
a: Renounce Religion, Evoke Flight


You were on level 12 of the Dungeon.
You worshipped Vehumet.
Vehumet was extremely pleased with you.
You were not hungry.

You visited 2 branches of the dungeon, and saw 13 of its levels.
You also visited: Gauntlet.

You collected 904 gold pieces.

Inventory:

Hand Weapons
 a - a +5 whip of venom (weapon)
 s - a +4 scimitar of flaming
 w - a +2 blowgun
 x - the cursed +1 short sword "Vynoak" {flame, +Rage rPois rC+ Dex-4}
   (You found it on level 5 of the Dungeon)

   It has been specially enchanted to burn those struck by it, causing extra
   injury to most foes and up to half again as much damage against particularly
   susceptible opponents.
   It affects your dexterity (-4).
   It protects you from cold.
   It protects you from poison.
   It lets you go berserk.
   It has a curse placed upon it.
Missiles
 g - 38 sling bullets
 m - 12 throwing nets (quivered)
 q - 5 silver javelins
 F - 24 poisoned needles
 J - 67 bolts
 N - 9 curare-tipped needles
 P - 241 arrows
Armour
 f - a +0 pair of gloves (worn)
 h - a +1 helmet (worn)
 j - a +0 robe (worn)
 D - a +0 shield
 S - a +2 cloak (worn)
Jewellery
 E - a ring of protection from magic (left hand)
 O - a ring of flight (right hand)
Wands
 n - a wand of polymorph (12)
 t - a wand of enslavement (7)
 u - a wand of paralysis (9)
Scrolls
 e - 10 scrolls of remove curse
 z - 7 scrolls of teleportation
 L - a scroll of summoning
 M - a scroll of identify
 Q - 2 scrolls of immolation
Potions
 k - 8 potions of curing
 o - 3 potions of agility
 p - a potion of mutation
 r - 4 potions of flight
 v - 2 potions of lignification
 B - 2 potions of magic
 C - a potion of berserk rage
 G - a potion of ambrosia
 H - a potion of invisibility
 I - a potion of brilliance
 K - a potion of cancellation
Comestibles
 b - 3 chunks of flesh
 d - 17 rations


   Skills:
 + Level 4.4 Fighting
 + Level 4.5 Dodging
 - Level 1.7 Stealth
 + Level 4.0 Shields
 * Level 11.7 Spellcasting
 * Level 12.3 Conjurations
   Level 1.0 Summonings
 - Level 0.8 Translocations


You had 9 spell levels left.
You knew the following spells:

 Your Spells              Type           Power        Failure   Level  Hunger
a - Magic Dart            Conj           ####         1%          1    None
b - Force Lance           Conj/Tloc      #####...     1%          4    None
c - Conjure Flame         Conj/Fire      #####...     1%          3    None
d - Mephitic Cloud        Conj/Pois/Air  ####....     1%          3    None
e - Airstrike             Air            ##........   12%         4    None
f - Blink                 Tloc           N/A          4%          2    None
g - Apportation           Tloc           ###...       3%          1    None
h - Conjure Ball Lightni  Conj/Air       #####.....   14%         6    #####..

Your spell library contained the following spells:

 Spells                   Type           Power        Failure   Level  Hunger
 Summon Small Mammal      Summ           ###.         3%          1    None
 Animate Skeleton         Necr           N/A          4%          1    None
 Confusing Touch          Hex            ##....       4%          1    None
 Call Imp                 Summ           ###.....     4%          2    None
 Slow                     Hex            ##......     7%          2    None


Dungeon Overview and Level Annotations

Branches:
Dungeon (12/15)            Temple (1/1) D:7            Lair (0/6) D:9
    Orc (0/2) D:12

Altars:
Ashenzari
Cheibriados
Dithmenos
Elyvilon
Fedhas
Gozag
Hepliaklqana
Kikubaaqudgha
Makhleb
Nemelex Xobeh
Okawaru
Qazlal
Ru
Sif Muna
Trog
Uskayaw
Vehumet
Wu Jian
Xom
Yredelemnul
Zin
The Shining One

Shops:
D:7 (   D:8 (


Innate Abilities, Weirdness & Mutations

You have razor-sharp toenails.
You are completely covered in thin metallic scales. (AC +4, rElec)
When hurt, damage is shared between your health and your magic reserves.


Message History

Confirm with . or Enter, or press ? or * to list all spells.
Aiming: Magic Dart (safe; 1% risk of failure)
Press: ? - help, Shift-Dir - straight line, f - cyclops, p - crocodile
Aim: a cyclops (lightly wounded)
The magic dart hits the cyclops.
The cyclops is lightly wounded.
The cyclops throws a large rock.
The large rock hits you!!!
Your crocodile bites the cyclops!
Evoke which item? (* to show all) (? for menu, Esc to quit)
Aiming: Paralyse
Press: ? - help, Shift-Dir - straight line, f/p - cyclops
Aim: a cyclops (moderately wounded, chance to defeat MR: 28%)
The cyclops easily resists.
Your crocodile bites the cyclops!
Evoke which item? (* to show all) (? for menu, Esc to quit)
Aiming: Paralyse
Press: ? - help, Shift-Dir - straight line, f/p - cyclops
Aim: a cyclops (severely wounded, chance to defeat MR: 28%)
The cyclops easily resists.
Your crocodile bites the cyclops!
The cyclops throws a large rock.
The large rock hits you!!
You die...

##################*#####*********
#....#..........†#)o....,*,,,,,,,
'....#..........@§C.....,*,,,,,,,
#....'÷..#####...#t.....,****,,,,
#....#.......#####,..[..,*,,,,,,,
#....#.......#,,,*,,####**,,,,,,,
'....#.......+,,,*,,,,,,,,,,,,,,,
#....#...#####****,,,,,,,,,,,,,,,
#....#####,,,,,,,*,,,,,,,****,,,,
#........#,,,,,,,*,,,,,,,*,,*****
#........#***,,,,*,,,,,,,,,,,,,*,


You could see a cyclops, an orc wizard (confused) and a friendly crocodile.

Vanquished Creatures
  Harold (D:8)
  Erica (D:8)
  A queen ant (D:11)
  Sonja (D:11)
  An unseen horror (D:11)
  2 ugly things
  A manticore (D:11)
  A centaur zombie (D:11)
  A hippogriff (D:11)
  4 hungry ghosts
  13 yaks
  3 hogs (D:7)
  3 vampire mosquitoes (D:12)
  A human (D:7)
  3 soldier ants
  5 orc warriors
  2 phantoms
  2 sky beasts
  2 black bears
  7 ogres
  3 crocodiles (D:9)
  6 centaurs
  4 bullfrogs
  3 gnoll sergeants (D:6)
  A wyvern skeleton (D:8)
  4 scorpions
  8 wights
  9 killer bees
  4 howler monkeys
  4 crimson imps
  A quasit (D:9)
  A jelly (D:10)
  A bullfrog zombie (D:12)
  16 hounds
  A bullfrog skeleton (D:9)
  2 centaur skeletons
  3 orc priests
  12 orc wizards
  2 iguanas
  4 gnoll shamans (D:6)
  Natasha (thrice) (D:2)
  28 worker ants
  A killer bee zombie (D:10)
  A hound zombie (D:7)
  A howler monkey zombie (D:7)
  A worker ant zombie (D:10)
  25 gnolls (D:6)
  8 adders
  5 shadow imps
  An adder skeleton (D:8)
  An adder zombie (D:5)
  2 worms
  A dart slug (D:4)
  6 leopard geckos
  48 orcs
  6 giant cockroaches
  7 goblins
  6 hobgoblins
  13 jackals
  3 quokkas
  A ball python skeleton (D:4)
  3 bats
  4 frilled lizards
  5 kobolds
  A leopard gecko skeleton (D:6)
  A quokka skeleton (D:8)
  4 rats
330 creatures vanquished.

Vanquished Creatures (collateral kills)
  A worker ant (D:9)
  A gnoll (D:6)
2 creatures vanquished.

Vanquished Creatures (others)
  4 ball lightnings
  A wight (D:9)
  A gnoll (D:6)
  An orc wizard (D:6)
  5 fungi
  5 plants (Gauntlet)
17 creatures vanquished.

Grand Total: 349 creatures vanquished

Notes
Turn   | Place    | Note
-------+----------+-------------------------------------------
     0 | D:1      | Chiseanne the Demonspawn Wizard began the quest for the
                  | Orb.
     0 | D:1      | Reached XP level 1. HP: 13/13 MP: 4/4
   126 | D:1      | Gained mutation: When hurt, damage is shared between your
                  | health and your magic reserves. [demonic ancestry]
   126 | D:1      | Reached XP level 2. HP: 5/19 MP: 0/6
   848 | D:2      | Noticed Natasha
   860 | D:2      | Killed Natasha
   860 | D:2      | Reached skill level 2 in Conjurations
   860 | D:2      | Gained mutation: You are partially covered in thin metallic
                  | scales. (AC +2) [demonic ancestry]
   860 | D:2      | Reached XP level 3. HP: 20/24 MP: 0/8
  1096 | D:2      | Noticed Natasha
  1110 | D:2      | Killed Natasha
  1110 | D:2      | Reached XP level 4. HP: 14/30 MP: 0/9
  1368 | D:2      | Noticed Natasha
  1373 | D:2      | Killed Natasha
  1373 | D:2      | Reached skill level 3 in Conjurations
  1962 | D:2      | Reached XP level 5. HP: 34/35 MP: 6/11
  2004 | D:2      | Learned a level 2 spell: Blink
  2008 | D:2      | Learned a level 3 spell: Conjure Flame
  2012 | D:2      | Learned a level 3 spell: Mephitic Cloud
  3061 | D:4      | Reached skill level 4 in Conjurations
  3192 | D:4      | Gained mutation: You are mostly covered in thin metallic
                  | scales. (AC +3) [demonic ancestry]
  3192 | D:4      | Reached XP level 6. HP: 27/41 MP: 2/13
  3199 | D:3      | Reached skill level 5 in Spellcasting
  3764 | D:4      | Reached skill level 5 in Conjurations
  3789 | D:4      | Gained mutation: You have sharp toenails. [demonic
                  | ancestry]
  3789 | D:4      | Reached XP level 7. HP: 46/46 MP: 0/15
  4247 | D:5      | Entered Level 5 of the Dungeon
  4643 | D:5      | Got a transparent short sword
  4644 | D:5      | Identified the cursed +1 short sword "Vynoak" {flame, +Rage
                  | rPois rC+ Dex-4} (You found it on level 5 of the Dungeon)
  4648 | D:5      | You fall through a shaft for 3 floors!
  4650 | D:8      | Found Oryboocy's Weapon Shoppe.
  4663 | D:8      | Noticed a hungry ghost
  4677 | D:7      | Found a glowing silver altar of Zin.
  4679 | D:7      | Found an iron altar of Okawaru.
  4679 | D:7      | Found a snail-covered altar of Cheibriados.
  4681 | D:7      | Found a staircase to the Ecumenical Temple.
  4934 | D:8      | Noticed Erica
  5001 | D:8      | Noticed Harold
  5024 | D:8      | Reached skill level 6 in Conjurations
  5048 | D:8      | Found a burning altar of Makhleb.
  5163 | D:7      | Reached XP level 8. HP: 28/52 MP: 0/18
  5323 | Temple   | Entered the Ecumenical Temple
  5378 | Temple   | Became a worshipper of Vehumet
  6080 | D:6      | Reached skill level 7 in Conjurations
  6410 | D:6      | Found the +8 demon blade "Leech" {vamp, rN+ AC-3 EV-3}
  6593 | D:6      | Found a sparkling altar of Nemelex Xobeh.
  6593 | D:6      | Found a bloodstained altar of Trog.
  7092 | D:5      | Found an ancient bone altar of Kikubaaqudgha.
  7200 | D:5      | Reached * piety under Vehumet
  7200 | D:5      | Offered knowledge of Sting by Vehumet.
  8170 | D:6      | Reached skill level 8 in Conjurations
  8617 | D:6      | Gained mutation: You have razor-sharp toenails. [demonic
                  | ancestry]
  8617 | D:6      | Reached XP level 9. HP: 57/57 MP: 15/21
  8924 | D:6      | Reached ** piety under Vehumet
  8931 | D:6      | Offered knowledge of Shock by Vehumet.
  9574 | D:7      | Found Ysmat's Weapon Emporium.
  9692 | D:7      | Reached skill level 9 in Conjurations
  9912 | D:8      | Killed Erica
  9912 | D:8      | Reached skill level 10 in Conjurations
 10207 | D:8      | Reached XP level 10. HP: 47/63 MP: 1/23
 10410 | D:8      | Killed Harold
 10410 | D:8      | Reached skill level 10 in Spellcasting
 10683 | D:8      | Offered knowledge of Searing Ray by Vehumet.
 11450 | D:9      | Reached *** piety under Vehumet
 11450 | D:9      | Reached skill level 1 in Fighting
 11675 | D:9      | Found a staircase to the Lair.
 11690 | D:9      | Reached skill level 1 in Shields
 11822 | D:9      | Reached skill level 11 in Conjurations
 12503 | D:9      | Offered knowledge of Airstrike by Vehumet.
 12568 | D:9      | Learned a level 4 spell: Airstrike
 13566 | D:9      | Noticed a purple ugly thing
 13595 | D:9      | Killed a purple ugly thing
 13675 | D:10     | Entered Level 10 of the Dungeon
 13731 | D:10     | Gained mutation: You are completely covered in thin
                  | metallic scales. (AC +4, rElec) [demonic ancestry]
 13731 | D:10     | Reached XP level 11. HP: 67/74 MP: 7/25
 14278 | D:10     | Reached **** piety under Vehumet
 14924 | D:10     | Offered knowledge of Force Lance by Vehumet.
 14933 | D:10     | Learned a level 4 spell: Force Lance
 14935 | D:10     | Learned a level 1 spell: Apportation
 15222 | D:11     | Noticed a cyan ugly thing
 15243 | D:11     | Killed a cyan ugly thing
 15323 | D:11     | Noticed a queen ant
 15337 | D:11     | Killed a queen ant
 15337 | D:11     | Reached ***** piety under Vehumet
 15337 | D:11     | Offered knowledge of Conjure Ball Lightning by Vehumet.
 15347 | D:11     | Learned a level 6 spell: Conjure Ball Lightning
 15663 | D:11     | Killed an unseen horror
 15663 | D:11     | Reached skill level 12 in Conjurations
 15666 | D:11     | Noticed Sonja
 15675 | D:11     | Killed Sonja
 16664 | D:12     | Found a gate leading to a gauntlet.
 16675 | Gauntlet | Entered a Gauntlet
 16675 | Gauntlet | Found a transporter.
 16684 | Gauntlet | Found a transporter.
 16686 | Gauntlet | Found a transporter.
 16688 | Gauntlet | Found a transporter.
 16690 | Gauntlet | Noticed a white ugly thing
 16703 | Gauntlet | Found a transporter.
 16718 | Gauntlet | Found a transporter.
 16720 | Gauntlet | Found a large runed translucent door.
 16720 | Gauntlet | Found a large runed translucent door.
 16721 | Gauntlet | Found a large runed translucent door.
 16721 | Gauntlet | Found a large runed translucent door.
 16722 | Gauntlet | Found a large runed translucent door.
 16722 | Gauntlet | Found a large runed translucent door.
 16722 | Gauntlet | Found a runed translucent door.
 16722 | Gauntlet | Found a runed translucent door.
 16722 | Gauntlet | Found a large runed translucent door.
 16723 | Gauntlet | Found a transporter.
 16725 | Gauntlet | Noticed a wizard
 16737 | Gauntlet | Noticed a wizard
 16743 | Gauntlet | Found the +3 crown of Dyrovepreva {rElec Int+2 SInv}
 16744 | Gauntlet | Found the +0 mask of the Dragon {MR+ Slay+3 SInv}
 16744 | Gauntlet | Found a transporter.
 16753 | Gauntlet | Found a large runed translucent door.
 16754 | Gauntlet | Found a large runed translucent door.
 16755 | Gauntlet | Found a large runed translucent door.
 16755 | Gauntlet | Found a large runed translucent door.
 16756 | Gauntlet | Found a runed translucent gate.
 16757 | Gauntlet | Found a transporter.
 16757 | Gauntlet | Found a runed translucent gate.
 16757 | Gauntlet | Noticed a wretched star
 16758 | Gauntlet | Found a runed translucent gate.
 16759 | Gauntlet | Found a large runed translucent door.
 16759 | Gauntlet | Found a large runed translucent door.
 16760 | Gauntlet | Found a large runed translucent door.
 16761 | Gauntlet | Found a large runed translucent door.
 16765 | Gauntlet | Noticed a glowing orange brain
 16767 | Gauntlet | Noticed a brown ugly thing
 16772 | Gauntlet | Found a transporter.
 16781 | Gauntlet | Found a transporter.
 16784 | Gauntlet | Noticed a death ooze
 16792 | Gauntlet | Noticed a blizzard demon
 16793 | Gauntlet | Found a transporter.
 16798 | Gauntlet | Found a transporter.
 16798 | Gauntlet | Found a transporter.
 16800 | Gauntlet | Found a transporter.
 16823 | Gauntlet | Found a transporter.
 16823 | Gauntlet | Noticed an obsidian statue
 16828 | Gauntlet | Found a transporter.
 16873 | Gauntlet | Found a transporter.
 16984 | Gauntlet | Noticed a glowing orange brain
 17191 | D:12     | Hit by a large rock thrown by a cyclops

Skill      XL: |  1  2  3  4  5  6  7  8  9 10 11 |
---------------+----------------------------------+-----
Conjurations   | 2 3 4 5 6 8 10 11 12 | 12.3
Spellcasting   | 4 5 6 8 9 10 11 | 11.7
Dodging        | 3 4 |  4.5
Fighting       | 2 4 |  4.4
Shields        | 2 4 |  4.0
Stealth        | |  1.7
Summonings     | |  1.0
Translocations | |  0.8

Action                   |  1- 3 |  4- 6 |  7- 9 | 10-12 || total
-------------------------+-------+-------+-------+-------++-------
Melee: Spear             |    16 |     1 |       |       ||    17
       Mace              |       |    15 |       |       ||    15
       Whip              |       |    11 |   139 |   245 ||   395
       Kick              |       |       |    23 |    50 ||    73
       Scimitar          |       |       |     8 |     4 ||    12
Throw: Stone             |       |       |     3 |       ||     3
 Cast: Magic Dart        |    46 |   153 |   403 |   344 ||   946
       Mephitic Cloud    |       |     3 |    18 |    44 ||    65
       Blink             |       |     1 |    11 |     9 ||    21
       Conjure Flame     |       |       |     3 |    23 ||    26
       Force Lance       |       |       |       |    11 ||    11
       Conjure Ball Ligh |       |       |       |     2 ||     2
Evoke: Wand              |       |       |     9 |    13 ||    22
  Use: Potion            |     2 |     2 |     1 |       ||     5
       Scroll            |     4 |     7 |    11 |     9 ||    31
 Stab: Confused          |       |       |     4 |     9 ||    13
       Paralysed         |       |       |     3 |     4 ||     7
       Sleeping          |       |       |       |     1 ||     1
  Eat: Chunk             |       |     8 |    17 |    20 ||    45
       Ration            |       |       |     1 |     2 ||     3
Armor: Robe              |     2 |    17 |    65 |   116 ||   200
Dodge: Dodged            |    14 |    33 |   158 |   240 ||   445
       Rpst.: Scimitar   |       |       |     1 |     1 ||     2
